[Event "*** Titled Tuesday Blitz"]
[Site "Chess.com"]
[Date "2021.04.27"]
[Round "2"]
[White "esrosenberg"]
[Black "korkmaz16"]
[Result "0-1"]
[WhiteElo "2203"]
[BlackElo "2429"]
[TimeControl "180+1"]
[EndTime "10:18:30 PDT"]
[Termination "korkmaz16 won on time"]

1. Nf3 d5 2. c4 e6 3. d4 Nf6 4. g3 Be7 5. Bg2 O-O 6. O-O dxc4 7. Qc2 a6 8. a4 Bd7 9. Qxc4 Bc6 10. Bg5 b5 11. Qc2 Be4 12. Qc1 Nc6 13. Nc3 Nxd4 14. Nxd4 Bxg2 15. Nxe6 fxe6 16. Kxg2 b4 17. Bxf6 Bxf6 18.
Ne4 Qd5 19. f3 Qe5 20. Rb1 Rad8 21. Qc6 a5 22. Rfc1 Rf7 23. Rc5 Rd5 24. Qe8+ Rf8 25. Rxd5 Qxd5 26. Nxf6+ gxf6 27. Qe7 Rf7 28. Qe8+ Kg7 29. Qb5 Qa2 30. Rd1 Qxb2 31. Kf2 Qc2 32. Rd3 c5 33. Rd8 b3 34. Qe8 Qg6 35. Qg8+ Kh6 36. Qe8 f5 37. Rb8 c4 38. Qb5 f4 0-1

[Event "*** Titled Tuesday Blitz"]
[Site "Chess.com"]
[Date "2021.04.27"]
[Round "2"]
[White "Pelopidass"]
[Black "anon6121824"]
[Result "0-1"]
[WhiteElo "2549"]
[BlackElo "2800"]
[TimeControl "180+1"]
[EndTime "10:18:31 PDT"]
[Termination "anon6121824 won by checkmate"]

1. e4 d6 2. d4 Nf6 3. Nc3 g6 4. h4 h5 5. Bg5 Bg7 6. Qd2 c6 7. Nge2 Nbd7 8. Ng3 Qc7 9. a4 e5 10. Be2 Nf8 11. d5 Bd7 12. a5 N8h7 13. a6 bxa6 14. Rxa6 O-O 15. O-O cxd5 16. exd5 Rab8 17. b3 Rfc8 18. Bc4 Nxg5 19. hxg5 Ne8 20. Nge4 Bf8 21. Rfa1 Rb7 22. Qe3 Ra8 23. g3 Be7 24. Kg2 Ng7 25. Nf6+ Bxf6 26. gxf6 Nf5 27. Qg5 Rb4 28. Ne4 Rxc4 29.
bxc4 Qxc4 30. Nxd6 Qxd5+ 31. Kg1 Nd4 32. Qh6 Nf3+ 33.
Kf1 Bh3+ 34. Ke2 Nd4+ 35. Ke1 Nxc2+ 36. Ke2 Bg4+ 37. f3 Nd4+ 38. Ke1 Nxf3+ 39. Kf2 Qd4+ 40.
Kg2 Qb2+ 41. Kf1 Bh3# 0-1

[Event "*** Titled Tuesday Blitz"]
[Site "Chess.com"]
[Date "2021.04.27"]
[Round "2"]
[White "Apocalyps999"]
[Black "Grineva_Marianna"]
[Result "1-0"]
[WhiteElo "2445"]
[BlackElo "2222"]
[TimeControl "180+1"]
[EndTime "10:18:32 PDT"]
[Termination "Apocalyps999 won by checkmate"]

1. e4 c5 2. Nf3 Nc6 3. d4 cxd4 4. Nxd4 Nf6 5. Nc3 g6 6. Be3 Bg7 7. Bc4 d6 8. f3 Bd7 9. Bb3 Rc8 10.
Qd2 Ne5 11. h4 Nc4 12. Bxc4 Rxc4 13. O-O-O Qa5 14. Nb3 Qa6 15. e5 dxe5 16. h5 O-O 17. Nc5 Qd6 18. Qe2 Rd4 19. Bxd4 exd4 20. Nxd7 Nxd7 21.
Ne4 Qb4 22. Kb1 Nb6 23. a3 Qa4 24. hxg6 hxg6 25. g4 Nc4 26. Rd3 Qb5 27. b3 Nxa3+ 28. Kb2 Qb4 29. Qh2 f6 30. Qh7+ Kf7 31. Rh6 Rg8 32.
Qxg6+ Kf8 33. Rh7 Nc4+ 34. Kc1 Qe1+ 35. Rd1 Qe3+ 36. Kb1 Na3+ 37. Kb2 Nb5 38. Nc5 Qc3+ 39. Kc1 Na3 40. Ne6# 1-0

[Event "*** Titled Tuesday Blitz"]
[Site "Chess.com"]
[Date "2021.04.27"]
[Round "2"]
[White "shaheus"]
[Black "TokChess"]
[Result "0-1"]
[WhiteElo "2144"]
[BlackElo "2404"]
[TimeControl "180+1"]
[EndTime "10:18:32 PDT"]
[Termination "TokChess won on time"]

1. e4 c6 2. Nf3 d5 3. Nc3 dxe4 4.
Nxe4 Nf6 5. Qe2 Nxe4 6. Qxe4 Nd7 7. Bc4 Nf6 8. Ne5 e6 9. Qe2 Bd6 10. O-O O-O 11. Re1 Qc7 12. d4 b5 13. Bd3 c5 14.
Bxb5 cxd4 15. Bd3 Bb7 16. Bg5 Nd7 17. Qh5 f5 18. Nxd7 Qxd7 19. Bc4 Rae8 20. Qe2 Kh8 21. Rad1 e5 22. f3 e4 23. fxe4 fxe4 24. Qh5 Qf5 25.
Rf1 Qg6 26. Qxg6 hxg6 27. Rxf8+ Rxf8 28. Rf1 Rc8 29. b3 Be5 30. Rf7 Bc6 31. Kf2 Kh7 32.
Re7 e3+ 33. Ke2 Bxh2 0-1

[Event "*** Titled Tuesday Blitz"]
[Site "Chess.com"]
[Date "2021.04.27"]
[Round "2"]
[White "TST2014"]
[Black "Chernov_Alexander_A"]
[Result "1-0"]
[WhiteElo "2667"]
[BlackElo "2314"]
[TimeControl "180+1"]
[EndTime "10:18:33 PDT"]
[Termination "TST2014 won on time"]

1. d4 Nf6 2. c4 e6 3. Nf3 b6 4.
a3 Bb7 5. Nc3 d5 6. cxd5 Nxd5 7.
e3 Be7 8. Bb5+ c6 9. Bd3 c5 10. Bb5+ Bc6 11. Qa4 Bxb5 12. Qxb5+ Qd7 13. Qxd7+ Nxd7 14.
Nxd5 exd5 15. b3 c4 16. bxc4 dxc4 17. a4 O-O 18. Ba3 Bxa3 19. Rxa3 Rfc8 20. Kd2 a6 21. Rb1 Rab8 22. Kc3 f6 23. e4 b5 24. axb5 axb5 25. Kb4 Nb6 26. Ra5 Na4 27. Rc1 Nb2 28.
Ne1 Nd3+ 29. Nxd3 cxd3 30. Rc5 d2 31. Ra1 Rd8 32. d5 Ra8 33. Rd1 Ra4+ 34. Kxb5 Ra2 35. Rc3 f5 36. f3 fxe4 37. fxe4 Rb8+ 38. Kc4 Ra4+ 39. Kd3 Rbb4 40. Rxd2 Rd4+ 41. Ke3 Rxe4+ 42. Kf2 Rf4+ 43. Rf3 1-0

[Event "*** Titled Tuesday Blitz"]
[Site "Chess.com"]
[Date "2021.04.27"]
[Round "2"]
[White "gmpeter008"]
[Black "Make_it_shine060"]
[Result "1-0"]
[WhiteElo "2423"]
[BlackElo "2188"]
[TimeControl "180+1"]
[EndTime "10:18:34 PDT"]
[Termination "gmpeter008 won on time"]

1. d4 Nf6 2. Bf4 g6 3. Nf3 Bg7 4. g3 O-O 5. Bg2 d5 6. O-O c5 7. c3 Nc6 8. Nbd2 Ne4 9. Ne5 cxd4 10. Nxe4 dxe4 11. Nxc6 bxc6 12. Bxe4 e5 13. Bxc6 Rb8 14.
Bd2 Rxb2 15. cxd4 Qxd4 16. Be3 Qg4 17. Bf3 Qb4 18. Bxa7 e4 19. Bg2 Rd2 20. Rb1 Qa5 21. Bb6 Qxa2 22. Qc1 Rxe2 23. Bc5 Rd8 24. Rb8 Rc2 25. Qg5 f6 26. Qe3 Rb2 27. Rxb2 Qxb2 28. Qxe4 Bf5 29. Qe7 Rc8 30. Bb7 Rxc5 31. Qxc5 Qxb7 32.
Rd1 Bh3 33. Qc4+ Kf8 34. Qc5+ Kg8 35. f3 Be6 36. Qd6 Bf7 37. Qd3 f5 38. Rb1 Qa7+ 39.
Kg2 Qa2+ 40. Kh3 Qa8 41. Qd6 1-0

[Event "*** Titled Tuesday Blitz"]
[Site "Chess.com"]
[Date "2021.04.27"]
[Round "2"]
[White "Mikhail_Golubev"]
[Black "KuzubovYuriy"]
[Result "0-1"]
[WhiteElo "2577"]
[BlackElo "2868"]
[TimeControl "180+1"]
[EndTime "10:18:35 PDT"]
[Termination "KuzubovYuriy won on time"]

1. e4 c5 2. Nf3 d6 3. d4 cxd4 4. Nxd4 Nf6 5. Nc3 a6 6. Bc4 e6 7.
O-O b5 8. Bb3 Be7 9. f4 b4 10.
e5 bxc3 11. exf6 Bxf6 12. f5 d5 13. fxe6 Bxe6 14. Nxe6 fxe6 15. Qh5+ g6 16. Qh3 O-O 17. Qxe6+ Kg7 18. bxc3 Bxc3 19. Rxf8 Qxf8 20. Qe3 Qf6 21. Qh6+ Kh8 22. Bg5 Qb6+ 23. Be3 Qd8 24. Rd1 Nd7 25.
Rxd5 Qe7 26. h3 Bg7 27. Qg5 Bf6 28. Qg3 Ne5 29. Bd4 Re8 30. Kh2 Bg7 31. c4 Nf7 32.
Bxg7+ Kxg7 33. c5 Ne5 34. Qc3 Qf6 35. c6 Ng4+ 36. hxg4 Qxc3 0-1

[Event "*** Titled Tuesday Blitz"]
[Site "Chess.com"]
[Date "2021.04.27"]
[Round "2"]
[White "onnoelgersma"]
[Black "VladimirBugayev"]
[Result "1-0"]
[WhiteElo "2459"]
[BlackElo "2252"]
[TimeControl "180+1"]
[EndTime "10:18:35 PDT"]
[Termination "onnoelgersma won on time"]

1. Nf3 c5 2. b3 g6 3. Bb2 Nf6 4. e3 Bg7 5. Be2 Nc6 6. O-O O-O 7. d4 cxd4 8. Nxd4 d6 9. c4 Bd7 10. Nd2 a5 11. N2f3 a4 12. Rb1 a3 13. Ba1 Nb4 14. Qd2 Qa5 15. Bd3 Nxd3 16. Qxd3 e5 17. b4 Qc7 18. Rbc1 e4 19. Qb3 exf3 20. Nxf3 Be6 21. Nd4 Ne4 22. Nb5 Qe7 23. Bxg7 Kxg7 24. Qd3 d5 25.
cxd5 Rfd8 26. Qxe4 Rxd5 27. Nd4 Qd6 28. Rfd1 Rd8 29.
h3 Kg8 30. b5 Bf5 31. Qf3 Bd7 32. Re1 Bxb5 33. Nxb5 Rxb5 34. Rcd1 Rd5 35. Rc1 b5 36. Rb1 b4 37. Qe4 Rb8 38. Qc4 Qc5 39. Qb3 1-0

[Event "*** Titled Tuesday Blitz"]
[Site "Chess.com"]
[Date "2021.04.27"]
[Round "2"]
[White "dusanacns"]
[Black "biostatistician"]
[Result "0-1"]
[WhiteElo "2701"]
[BlackElo "2522"]
[TimeControl "180+1"]
[EndTime "10:18:36 PDT"]
[Termination "biostatistician won by resignation"]

1. e4 e6 2. d4 d5 3. Nd2 Nc6 4. Ngf3 Nf6 5. e5 Ne4 6. Bd3 Nxd2 7. Bxd2 Nb4 8. Bxb4 Bxb4+ 9. c3 Be7 10. O-O c5 11. Re1 Bd7 12. dxc5 Bxc5 13. Nd4 Qb6 14. Qg4 O-O 15.
Rab1 f5 16. Qf4 Rac8 17. b4 Bxd4 18. cxd4 Bb5 19. Qd2 Bxd3 20. Qxd3 Rc4 21. a3 Qxd4 22. Qg3 Rfc8 23. h3 Qf4 24. Qb3 Rc2 25. Rf1 b5 26.
Rbe1 R8c3 27. Qb1 a6 28. Qd1 Rd2 29. Qa1 Rcc2 30. Qb1 Qd4 31. Re3 h6 32. Rf3 Qxe5 33.
Re3 Qf6 34. Qb3 Kh7 35. a4 e5 36. axb5 axb5 37. Rd3 d4 38. Rxd2 Rxd2 39. Rc1 Qh4 40.
Qf3 Qe4 41. Qg3 Qf4 42. Qb3 Qxf2+ 0-1

[Event "*** Titled Tuesday Blitz"]
[Site "Chess.com"]
[Date "2021.04.27"]
[Round "2"]
[White "vanyakuba"]
[Black "MuhittinBuker"]
[Result "0-1"]
[WhiteElo "2396"]
[BlackElo "2176"]
[TimeControl "180+1"]
[EndTime "10:18:36 PDT"]
[Termination "MuhittinBuker won on time"]

1. e4 e5 2. d4 exd4 3. c3 dxc3 4. Bc4 c2 5. Qxc2 Bb4+ 6. Nc3 Bxc3+ 7. Qxc3 Qf6 8. e5 Qg6 9. Nf3 Nc6 10. Bf4 Nge7 11. O-O-O O-O 12. Ng5 h6 13. h4 d5 14. exd6 cxd6 15. Rxd6 Qf5 16. g3 hxg5 17. hxg5 Qc5 18. Bxf7+ Rxf7 19. Qxc5 Bf5 20. Rxc6 Nxc6 21. g6 Bxg6 22.
Qg5 Ne7 23. Bd6 Rc8+ 24. Kd1 Rd8 25. Qh4 Rxd6+ 26. Ke1 Kf8 27. Qh8+ Ng8 28. Rh4 Re7+ 29. Kf1 Rd1+ 30. Kg2 Be4+ 31. f3 Rd2+ 32. Kh3 Bf5+ 33. g4 Bg6 34. g5 Bf5+ 35. Kg3 Ree2 36. Rb4 Bd7 37. Rf4+ Ke7 38. Qxg7+ Kd6 39. Qxg8 Rg2+ 0-1

[Event "*** Titled Tuesday Blitz"]
[Site "Chess.com"]
[Date "2021.04.27"]
[Round "2"]
[White "PotapovaM"]
[Black "Irishchessman16"]
[Result "1-0"]
[WhiteElo "2566"]
[BlackElo "2288"]
[TimeControl "180+1"]
[EndTime "10:18:37 PDT"]
[Termination "PotapovaM won on time"]

1. d4 Nf6 2. c4 e6 3. Nf3 d5 4.
Nc3 c6 5. Bg5 Nbd7 6. e3 Qa5 7.
Nd2 Bb4 8. Qc2 h6 9. Bxf6 Nxf6 10. Nb3 Bxc3+ 11. bxc3 Qc7 12. Be2 O-O 13. O-O e5 14. Rac1 dxc4 15. Bxc4 b6 16. a4 c5 17. Rfd1 Bb7 18. a5 exd4 19. cxd4 Ng4 20. g3 cxd4 21. Nxd4 Ne5 22. Be2 Qxc2 23. Rxc2 Rac8 24. Rxc8 Rxc8 25. a6 Ba8 26. Nb5 Kh7 27. Nxa7 Rc2 28. Kf1 Ra2 29.
Nc8 Bf3 30. Bxf3 Nxf3 31. a7 Nxh2+ 32. Kg2 Ng4 33. Kf3 Nxf2 34. Rd7 Nh3 35. Nxb6 Ng5+ 36. Kf4 1-0

[Event "*** Titled Tuesday Blitz"]
[Site "Chess.com"]
[Date "2021.04.27"]
[Round "2"]
[White "Keks2017"]
[Black "Agoking701"]
[Result "1-0"]
[WhiteElo "2459"]
[BlackElo "2252"]
[TimeControl "180+1"]
[EndTime "10:18:37 PDT"]
[Termination "Keks2017 won on time"]

1. g3 e5 2. Bg2 Nf6 3. d3 d5 4.
Nf3 Nc6 5. O-O Be7 6. c3 O-O 7. Qc2 a5 8. Nbd2 Bg4 9. b3 h6 10.
a3 Qd7 11. Re1 Rfe8 12. Bb2 Bf8 13. e4 Rad8 14. b4 b5 15. Rac1 dxe4 16. dxe4 Qe6 17. Bf1 Na7 18. Be2 c5 19. bxa5 Qc6 20. c4 b4 21.
Nxe5 Qe6 22. Nxg4 Nxg4 23. Bxg4 Qxg4 24. f3 Qg5 25. Nf1 Nc6 26. a6 Ra8 27. Rcd1 Rxa6 28. Rd5 Qe7 29. Ne3 bxa3 30. Nf5 Qb7 31. Ba1 Nb4 32.
Qc3 Nxd5 33. cxd5 Qb4 34. Nxh6+ Kh7 35. Nxf7 Qxc3 36. Bxc3 c4 37. Ng5+ Kg8 38. Ne6 Rexe6 39. dxe6 Bc5+ 40. Kf1 Rxe6 41. Rb1 Ra6 42. Rb7 1-0

[Event "*** Titled Tuesday Blitz"]
[Site "Chess.com"]
[Date "2021.04.27"]
[Round "2"]
[White "Stormeman100100"]
[Black "PavelShkapenko"]
[Result "1/2-1/2"]
[WhiteElo "2485"]
[BlackElo "2670"]
[TimeControl "180+1"]
[EndTime "10:18:38 PDT"]
[Termination "Game drawn by repetition"]

1. e4 e5 2. Nf3 Nc6 3. Bc4 d6 4. O-O Be7 5. d4 Nf6 6. dxe5 dxe5 7. Qe2 Bg4 8. c3 O-O 9. h3 Bh5 10. g4 Bg6 11. Nbd2 h6 12. Rd1 Qc8 13. Nh4 Bh7 14.
Nf5 Re8 15. Nf3 Bf8 16. Kh2 Ne7 17. Bxf7+ Kh8 18. Bxe8 Qxe8 19. Nxe5 Nxf5 20. exf5 Bd6 21. Bf4 Qa4 22. Nf7+ Kg8 23. Bxd6 cxd6 24. Nxd6 Qf4+ 25. Kg2 Kh8 26. Qe6 Bg8 27. Qe3 Bd5+ 28. Kg1 Qxd6 29.
c4 Re8 30. Rxd5 Qc7 31. Qd2 Nxd5 32. cxd5 Qd6 33. Rd1 Re5 34. Qd4 Re2 35. Rd2 Re1+ 36. Kg2 Qa6 37. Qd3 Qd6 38. Re2 Rxe2 39. Qxe2 Qxd5+ 40.
Qf3 Qxa2 41. f6 Qf7 42. fxg7+ Qxg7 43. b3 b5 44. Qd5 b4 45. Kg3 Qc7+ 46. f4 Qc3+ 47.
Kh4 Qf6+ 48. Kg3 Qc3+ 49. Qf3 Kg7 50. f5 Kf6 51. Kf2 Qd2+ 52. Qe2 Qf4+ 53. Qf3 Qd2+ 54. Kg3 Qc3 55. Kf2 Qd2+ 1/2-1/2

[Event "*** Titled Tuesday Blitz"]
[Site "Chess.com"]
[Date "2021.04.27"]
[Round "2"]
[White "Dave_ChessMate"]
[Black "OlegKrivonosov"]
[Result "0-1"]
[WhiteElo "2472"]
[BlackElo "2676"]
[TimeControl "180+1"]
[EndTime "10:18:38 PDT"]
[Termination "OlegKrivonosov won on time"]

1. e4 e5 2. Nf3 Nc6 3. Bc4 Bc5 4. c3 Nf6 5. d4 exd4 6. e5 d5 7. Bb5 Ne4 8. cxd4 Bb6 9. Nc3 O-O 10. Be3 Bg4 11.
O-O Nxc3 12. bxc3 f6 13. exf6 Qxf6 14. Be2 Bxf3 15. Bxf3 Ne7 16. a4 c6 17. a5 Bc7 18.
Rb1 Rab8 19. a6 b5 20. Be2 Nf5 21. Bd2 Rbe8 22. Bd3 Qh4 23. h3 Bf4 24. Bxf4 Qxf4 25. Qg4 Qxg4 26. hxg4 Nd6 27. Rfe1 g6 28. f3 Kf7 29.
Kf2 Rxe1 30. Rxe1 Re8 31. Rxe8 Nxe8 32. Ke3 Nc7 33. Kf4 Kf6 34. g5+ Ke6 35. g4 Nxa6 36. Ke3 Nb8 37. f4 Nd7 38. f5+ Kf7 39. f6 a5 40. Kf4 Ke6 41. Bc2 a4 42. Bd3 Nb6 43. f7 Kxf7 44. Ke5 Ke7 45. Bc2 Nc4+ 46. Kf4 Kd6 47.
Bb1 c5 0-1

[Event "*** Titled Tuesday Blitz"]
[Site "Chess.com"]
[Date "2021.04.27"]
[Round "2"]
[White "LamaChampetre"]
[Black "karwowskikacper"]
[Result "1/2-1/2"]
[WhiteElo "2212"]
[BlackElo "2423"]
[TimeControl "180+1"]
[EndTime "10:18:38 PDT"]
[Termination "Game drawn by stalemate"]

1. d4 Nf6 2. c4 g6 3. Nc3 Bg7 4. e4 d6 5. h3 O-O 6. Nf3 c5 7.
d5 e6 8. Bd3 exd5 9. exd5 Re8+ 10.
Be3 Nh5 11. Qd2 f5 12. O-O Nd7 13. Rfe1 Ne5 14. Nxe5 Bxe5 15. Bg5 Bf6 16. Rxe8+ Qxe8 17. Re1 Qf8 18. Bh6 Bg7 19. Bg5 Bf6 20. Bh6 Qd8 21.
Be2 Ng7 22. Bf3 Bd7 23. Bf4 Be8 24. g4 fxg4 25. hxg4 a6 26. a4 Rb8 27. Qd3 b5 28.
axb5 axb5 29. cxb5 Bf7 30. Kg2 Bxc3 31. bxc3 Rxb5 32.
Qxb5 Qf6 33. Qb8+ Ne8 34. Bxd6 Kg7 35. Bg3 g5 36. d6 Nxd6 37. Qxd6 Kh6 38. Qxf6+ Bg6 39.
c4 1/2-1/2

[Event "*** Titled Tuesday Blitz"]
[Site "Chess.com"]
[Date "2021.04.27"]
[Round "2"]
[White "Ze-Pequeno"]
[Black "MFguimaraes"]
[Result "0-1"]
[WhiteElo "2203"]
[BlackElo "2430"]
[TimeControl "180+1"]
[EndTime "10:18:38 PDT"]
[Termination "MFguimaraes won on time"]

1. e4 d5 2. exd5 Nf6 3. Nf3 Nxd5 4. d4 e6 5. c4 Nf6 6. Nc3 Be7 7. Bd3 O-O 8. O-O a6 9. Bg5 Nc6 10. Re1 h6 11. Bh4 Kh8 12. Bc2 Nb4 13. Bb3 c5 14. a3 cxd4 15. Nxd4 Nc6 16. Nxc6 bxc6 17. Ba4 Qb6 18.
b4 c5 19. Rb1 cxb4 20. axb4 Bb7 21. c5 Qd8 22. c6 Bc8 23. Qxd8 Rxd8 24. Red1 Rxd1+ 25. Nxd1 Nd5 26. Bxe7 Nxe7 27. Ne3 Rb8 28. Kf1 e5 29. Ke2 Be6 30. Kd3 f5 31. Kc3 Kg8 32.
Rd1 Kf7 33. Rd6 Rc8 34. b5 axb5 35. Bxb5 f4 36. Nc4 Bxc4 37. Kxc4 Nf5 38. Rd7+ Ke6 39. Kc5 e4 40. Bc4+ Ke5 41. c7 e3 42. fxe3 fxe3 43. Kc6 Nd4+ 44. Kb7 Re8 45. Rd8 Re7 46. Kb6 e2 47. Bxe2 Re6+ 0-1

[Event "*** Titled Tuesday Blitz"]
[Site "Chess.com"]
[Date "2021.04.27"]
[Round "2"]
[White "JoachimMouhamad"]
[Black "Mazanchenko_Dmitry"]
[Result "0-1"]
[WhiteElo "2448"]
[BlackElo "2278"]
[TimeControl "180+1"]
[EndTime "10:18:39 PDT"]
[Termination "Mazanchenko_Dmitry won by checkmate"]

1. e4 c5 2. Nf3 d6 3. d4 Nf6 4. Nc3 cxd4 5. Nxd4 Nc6 6. Bg5 Qb6 7. Nb3 e6 8. Bxf6 gxf6 9. Bd3 h5 10. Qe2 Bh6 11. O-O Bf8 12. Kh1 Be7 13. f4 Bd7 14. f5 O-O-O 15.
fxe6 fxe6 16. Rad1 Ne5 17. a4 Ng4 18. Rde1 d5 19. a5 Qc7 20. g3 dxe4 21. Bxe4 f5 22. Bf3 h4 23. Bxg4 hxg3 24. h3 fxg4 25. Qxg4 Rdg8 26. Qe4 g2+ 27. Qxg2 Bc6 28. Ne4 Rxg2 29. Kxg2 Qe5 30. Nd2 Qd4 31. Rf3 Rg8+ 32. Kf1 Rg1+ 33. Ke2 Bb5+ 34. Kd1 Rxe1+ 35. Kxe1 Qxb2 36. Rf7 Qb4 37. Kd1 a6 38. c3 Qa3 39. Kc2 Ba4+ 40. Kb1 Bb3 41. Rxe7 Qa2+ 42. Kc1 Qc2# 0-1

[Event "*** Titled Tuesday Blitz"]
[Site "Chess.com"]
[Date "2021.04.27"]
[Round "2"]
[White "KhatanbaatarBazar"]
[Black "m_ezat"]
[Result "0-1"]
[WhiteElo "2662"]
[BlackElo "2494"]
[TimeControl "180+1"]
[EndTime "10:18:40 PDT"]
[Termination "m_ezat won by checkmate"]

1. e4 c6 2. d4 d5 3. f3 e6 4. Nc3 Bb4 5. Ne2 Nf6 6. Qd3 b6 7. e5 Nfd7 8. a3 Ba6 9. Qe3 Be7 10. Nf4 Bxf1 11. Rxf1 c5 12. Nh5 g6 13. Ng3 Nc6 14.
Nce2 cxd4 15. Nxd4 Nxd4 16. Qxd4 Rc8 17. c3 Qc7 18. f4 Qc4 19. Qxc4 Rxc4 20. Ne2 Nc5 21.
Kd1 Nb3 22. Rb1 a5 23. Be3 Bc5 24. Bxc5 bxc5 25. Kc2 a4 26. Nc1 Nxc1 27. Rbxc1 Re4 28. Rce1 Rxe1 29. Rxe1 Kd7 30. g4 h5 31. g5 Kc6 32.
Rb1 Rb8 33. Rd1 Rb3 34. Rd3 Kb5 35. Re3 d4 36. Rd3 Kc4 37. Rd1 dxc3 38. bxc3 Rxc3+ 39. Kb2 Rf3 40. Rc1+ Kb5 41. Rd1 Rxf4 42. Rd7 Kc4 43. Ra7 Rf2+ 44. Kc1 Kb3 45. Rb7+ Kxa3 46. h4 c4 47. Kb1 c3 48. Kc1 Ka2 49. Rc7 Kb3 50.
Rb7+ Kc4 51. Ra7 a3 52. Rxa3 Kd3 53. Kb1 Rf1+ 54. Ka2 Rf4 55. Ra7 c2 56. Rd7+ Rd4 57.
Rc7 Rc4 58. Rxc4 Kxc4 59. Kb2 Kd4 60. Kxc2 Kxe5 61. Kd3 Kf4 62. Kd4 Kg4 63. Ke5 Kxh4 64. Kf6 Kg4 65. Kxf7 Kxg5 66. Kxe6 h4 67. Ke5 h3 68.
Ke4 h2 69. Kf3 h1=Q+ 70. Kg3 Qf1 71. Kh2 Qf3 72. Kg1 Qe2 73. Kh1 Kg4 74. Kg1 Kg3 75.
Kh1 Qh2# 0-1

[Event "*** Titled Tuesday Blitz"]
[Site "Chess.com"]
[Date "2021.04.27"]
[Round "2"]
[White "elcandado"]
[Black "NoGalloNoParty"]
[Result "0-1"]
[WhiteElo "2646"]
[BlackElo "2362"]
[TimeControl "180+1"]
[EndTime "10:18:40 PDT"]
[Termination "NoGalloNoParty won by resignation"]

1. d4 Nf6 2. Bf4 g6 3. Nc3 d5 4. Nb5 Na6 5. e3 Bg7 6. h3 O-O 7. Nf3 c6 8. Na3 b5 9. Nb1 Bf5 10. c3 Nb8 11. a4 Nbd7 12. Nbd2 a6 13. Be2 Nb6 14. b3 Ne4 15. Nxe4 dxe4 16. Nd2 Nd5 17. Rc1 Nxf4 18. exf4 b4 19. cxb4 Qxd4 20. Nc4 Rab8 21. Qxd4 Bxd4 22. Na5 e3 23. Nxc6 exf2+ 24. Kd2 Rbd8 25.
Nxd4 Rxd4+ 26. Ke3 Rxb4 27. Bc4 Be6 28. Rc3 Bxc4 29. bxc4 Rxa4 30. Kxf2 Rc8 31. Rhc1 Rc5 32. Ke3 Raa5 33. Kd4 e6 34. g3 Kf8 35. Rb3 Ke7 36. Rb7+ Kf6 37. Rb8 Rc7 38. Rb7 Rxb7 39. g4 Rc7 40. g5+ Ke7 0-1

[Event "*** Titled Tuesday Blitz"]
[Site "Chess.com"]
[Date "2021.04.27"]
[Round "2"]
[White "Guzman70"]
[Black "Gerodot71"]
[Result "0-1"]
[WhiteElo "2288"]
[BlackElo "2566"]
[TimeControl "180+1"]
[EndTime "10:18:40 PDT"]
[Termination "Gerodot71 won on time"]

1. c4 e5 2. Nc3 Nf6 3. g3 c6 4. Bg2 d5 5. cxd5 cxd5 6. d4 e4 7.
Bg5 Nbd7 8. Nh3 Be7 9. Nf4 h6 10.
Bxf6 Nxf6 11. Qb3 Be6 12. Qxb7 O-O 13. O-O Rb8 14. Nxe6 fxe6 15. Qxa7 Rxb2 16. Rab1 Rxb1 17. Rxb1 Ng4 18. Bh3 Nxf2 19. Bxe6+ Kh8 20. Nxd5 Bg5 21. Rf1 e3 22. Qd7 Qa5 23. h4 Qd2 24. hxg5 Qxe2 25.
gxh6 gxh6 26. Qd6 Qf3 27. Qe5+ Kh7 28. Bf5+ Rxf5 29. Qxf5+ Qxf5 30. Nxe3 Nh3+ 31. Kg2 Qe4+ 32. Kxh3 Qxe3 33. Rf4 Qa3 34. Kg4 Qxa2 35. Kh4 Kg6 36. Kg4 Qe2+ 37. Kh3 Kg5 38. Rh4 Qe6+ 39. Kh2 h5 0-1

[Event "*** Titled Tuesday Blitz"]
[Site "Chess.com"]
[Date "2021.04.27"]
[Round "2"]
[White "enriquetejedor"]
[Black "GM_dmitrij"]
[Result "0-1"]
[WhiteElo "2599"]
[BlackElo "2955"]
[TimeControl "180+1"]
[EndTime "10:18:42 PDT"]
[Termination "GM_dmitrij won by checkmate"]

1. d4 Nf6 2. Bg5 Ne4 3. Bf4 Nc6 4. d5 e5 5. Bc1 Ne7 6. g3 f5 7.
Bg2 d6 8. c4 g6 9. f3 Nf6 10.
Nc3 Bg7 11. e4 O-O 12. Nge2 c6 13. O-O cxd5 14. exd5 Qb6+ 15. Kh1 Bd7 16. Qd3 Rac8 17. Be3 Qxb2 18. Rfb1 Qa3 19. Rxb7 Qa6 20. Rb4 e4 21. Qd2 exf3 22. Bxf3 Rxc4 23. Rxc4 Qxc4 24. Bxa7 Ne4 25. Bxe4 fxe4 26. Bd4 Qd3 27. Qxd3 exd3 28. Bxg7 Kxg7 29. Nf4 d2 30. Rd1 Rc8 31. Nfe2 Nf5 32. Rxd2 Ne3 33. Kg1 Rf8 34. Nf4 g5 35. Ne4 gxf4 36. Nxd6 f3 37. h3 Bxh3 38. Ne4 Ng4 39. d6 Re8 40. Rd4 f2+ 41.
Nxf2 Re1# 0-1

[Event "*** Titled Tuesday Blitz"]
[Site "Chess.com"]
[Date "2021.04.27"]
[Round "2"]
[White "CSB7"]
[Black "Karttunen"]
[Result "1-0"]
[WhiteElo "2736"]
[BlackElo "2517"]
[TimeControl "180+1"]
[EndTime "10:18:42 PDT"]
[Termination "CSB7 won on time"]

1. e4 c5 2. Nf3 Nc6 3. d4 cxd4 4. Nxd4 e5 5. Nb5 d6 6. a4 a6 7. N5c3 f5 8. Bc4 Nf6 9. Bg5 Be7 10. Bxf6 Bxf6 11.
O-O Nd4 12. Nd5 f4 13. c3 Nc6 14. Nd2 g6 15. a5 Kf8 16. Be2 Be6 17. Nc4 Be7 18. Ncb6 Rb8 19. Bc4 Bg5 20. b4 Kg7 21. Qe2 Rf8 22. f3 h5 23. Rad1 Bh4 24. Rd2 g5 25. Nxf4 Bxc4 26. Nxh5+ Kh6 27. Nxc4 Kxh5 28. g3 Rf6 29. gxh4 gxh4 30. Kh1 Kh6 31. Ne3 Kh7 32. Nf5 Qf8 33. f4 Rxf5 34. exf5 Qh6 35. f6 Rf8 36. Qe4+ Kh8 37. Rdf2 Rxf6 38. fxe5 Rxf2 39.
Rxf2 Nxe5 40. Qf4 1-0

[Event "*** Titled Tuesday Blitz"]
[Site "Chess.com"]
[Date "2021.04.27"]
[Round "2"]
[White "Witik"]
[Black "Das_Virus_2020"]
[Result "0-1"]
[WhiteElo "2706"]
[BlackElo "2522"]
[TimeControl "180+1"]
[EndTime "10:18:43 PDT"]
[Termination "Das_Virus_2020 won on time"]

1. d4 Nf6 2. c4 c5 3. d5 b5 4. Nf3 b4 5. Nbd2 d6 6. a3 bxa3 7. b3 g6 8. Bxa3 Bg7 9. Bb2 O-O 10. e4 Na6 11. Be2 Nb4 12. O-O Bg4 13. Re1 Bxf3 14. Nxf3 Nxe4 15. Bxg7 Kxg7 16. Bf1 Nf6 17. Qd2 Qd7 18. Re3 Rfe8 19. Rae1 a5 20. Qc3 a4 21. bxa4 Rxa4 22. h3 Ra7 23. Ng5 Kg8 24.
Be2 h6 25. Nf3 Kg7 26. Nh4 Qa4 27. Rg3 Qc2 28. Qe3 Qe4 29. Qc1 Qxh4 30. Re3 Qd4 31. Bf1 Rea8 32. Rxe7 Ra1 33. Qe3 Rxe1 34. Qxe1 Nd3 35.
Qe6 Ne5 36. Qxd6 Ned7 37. Rxd7 Nxd7 38. Qxd7 Ra2 0-1

[Event "*** Titled Tuesday Blitz"]
[Site "Chess.com"]
[Date "2021.04.27"]
[Round "2"]
[White "Lenyas66"]
[Black "LubovMarkelova"]
[Result "0-1"]
[WhiteElo "2480"]
[BlackElo "2266"]
[TimeControl "180+1"]
[EndTime "10:18:43 PDT"]
[Termination "LubovMarkelova won on time"]

1. e4 e6 2. d4 d5 3. Nd2 c5 4.
Ngf3 cxd4 5. Nxd4 Nf6 6. Bb5+ Bd7 7. exd5 Bxb5 8. Nxb5 Nxd5 9. c4 Nf6 10. O-O a6 11. Nc3 Nc6 12. Nde4 Be7 13. Be3 O-O 14. Qb3 Na5 15. Qa4 Rc8 16. c5 Nc6 17. Rfd1 Qa5 18.
Qxa5 Nxa5 19. b4 Nc4 20. Bd4 Rfd8 21. Nxf6+ Bxf6 22. Bxf6 gxf6 23. Kf1 Kf8 24. Ke2 Ke7 25. Rac1 Ne5 26. Ne4 Rxd1 27. Rxd1 f5 28. Nd6 Rc7 29. f4 Nc6 30. a3 Na7 31. Nc4 Nb5 32. Ke3 Nc3 33.
Rd3 Nd5+ 34. Kf3 h6 35. g3 h5 36. Ne5 a5 37. c6 axb4 38. axb4 bxc6 39. Rb3 f6 40.
Nd3 Rb7 41. Kg2 Rb5 42. Kh3 Ne3 43. Kh4 Ng4 0-1

[Event "*** Titled Tuesday Blitz"]
[Site "Chess.com"]
[Date "2021.04.27"]
[Round "2"]
[White "InvisibleWarrior2252"]
[Black "DenLaz"]
[Result "0-1"]
[WhiteElo "2557"]
[BlackElo "2830"]
[TimeControl "180+1"]
[EndTime "10:18:44 PDT"]
[Termination "DenLaz won by resignation"]

1. e4 e5 2. Nf3 Nc6 3. Bc4 Bc5 4. c3 Nf6 5. d3 d6 6. h3 h6 7. Bb3 a6 8. Nbd2 O-O 9. Nf1 Be6 10. Ng3 d5 11.
Qe2 Re8 12. Nh2 Qd7 13. Qf3 dxe4 14. dxe4 Nh7 15. Ng4 Bf8 16. Nh5 Bxb3 17. axb3 Qe6 18. b4 Be7 19. Ng3 Bg5 20. Nf5 h5 21. Nge3 g6 22. h4 Bxe3 23. Nxe3 Ne7 24. g4 Nf6 25.
Rg1 Kh7 26. gxh5 Nxh5 27. Rg5 Rh8 28. Ng4 Nc6 29. Be3 Rad8 30. Rxh5+ gxh5 31. Nf6+ Kg7 32. Bg5 Ne7 33. Nxh5+ Kf8 34. Ng3 Rd7 35. Kf1 Qh3+ 36. Ke2 Ng6 37. Qf6 Qe6 38. Qf3 Nxh4 39. Bxh4 Rxh4 40.
Nf5 Qc4+ 41. Ke1 Qxe4+ 42. Ne3 Qxf3 0-1